 Dungeon Crawl Stone Soup version 0.30-a0-760-g5a9884bb7c (webtiles) character file.

Game seed: 501878363366994947

23671 BlueFish the Covert (level 12, 0/71 HPs)
             Began as a Vampire Enchanter on Feb 10, 2023.
             Was a High Priest of Dithmenos.
             Slain by a reaper
             ... wielding a +2 scythe of freezing
              (21 damage)
             ... in an ice cave.
             The game lasted 00:39:19 (14356 turns).

BlueFish the Covert (Vampire Enchanter)            Turns: 14356, Time: 00:39:20

Health: 0/71       AC: 15    Str:  7    XL:     12   Next: 73%
Magic:  19/22      EV: 21    Int: 22    God:    Dithmenos [*****.]
Gold:   734        SH:  0    Dex: 15    Spells: 4/24 levels left

rFire   . . .      SeeInvis +    m - +4 quick blade (elec)
rCold   + + .      Faith    .    (no shield)
rNeg    + + +      Spirit   .    u - +0 robe
rPois   ∞          Reflect  .    d - +2 helmet
rElec   .          Harm     .    x - +1 cloak
rCorr   .          Rampage  .    U - +1 pair of gloves
Will    +....                    j - +0 pair of boots Stlth *+++++++++
                                 C - amulet of magic regeneration
HPRegen 0.00/turn                h - +5 ring of evasion
MPRegen 0.58/turn                n - +4 ring of protection

@: bloodless, inhibited regen, wreathed by umbra
A: bloodless, fangs 3, see invisible, vampiric 2
a: Bat Form, Revivify, Renounce Religion, Shadow Step, Shadow Form


You were in an ice cave.
You worshipped Dithmenos.
Dithmenos was extremely pleased with you.
You visited 3 branches of the dungeon, and saw 15 of its levels.
You also visited: Ice Cave.

You collected 1014 gold pieces.
You spent 280 gold pieces at shops.

Inventory:

Hand Weapons
 a - a +2 dagger of flaming
 b - a +0 short sword of venom
 m - a +4 quick blade of electrocution (weapon)
 J - a +3 short sword of freezing
Missiles
 q - 26 poisoned darts (quivered)
 w - 9 boomerangs
 z - 3 silver boomerangs
 A - 13 javelins
 F - a curare-tipped dart
Armour
 d - a +2 helmet (worn)
 j - a +0 pair of boots (worn)
 u - a +0 robe (worn)
 x - a +1 cloak (worn)
 D - a +3 leather armour of willpower
 U - a +1 pair of gloves (worn)
Jewellery
 h - a +5 ring of evasion (left hand)
 n - a +4 ring of protection (right hand)
 C - an amulet of magic regeneration (around neck)
 K - a ring of resist corrosion
 T - a ring of willpower
 X - an amulet of the acrobat
 Z - a ring of willpower
Wands
 B - a wand of flame (31)
 L - a wand of charming (6)
 M - a wand of roots (7)
Scrolls
 g - a scroll of enchant armour
 i - 11 scrolls of teleportation
 l - 4 scrolls of immolation
 p - a scroll of vulnerability
 s - a scroll of torment
 t - a scroll of silence
 y - 2 scrolls of magic mapping
 E - a scroll of poison
 G - 2 scrolls of fog
 H - a scroll of amnesia
 N - 2 scrolls of fear
 R - a scroll of butterflies
Potions
 c - 4 potions of invisibility
 e - 2 potions of berserk rage
 f - 3 potions of attraction
 k - 3 potions of haste
 o - 4 potions of curing
 r - 3 potions of resistance
 v - 4 potions of brilliance
 I - 3 potions of mutation
 O - 3 potions of flight
 P - a potion of cancellation
 Q - 2 potions of heal wounds
 V - 2 potions of magic
 W - a potion of lignification {unknown}
 Y - a potion of degeneration {unknown}
Miscellaneous
 S - a phial of floods


   Skills:
 + Level 6.4 Fighting
 + Level 7.6 Short Blades
 + Level 5.4 Throwing
 + Level 5.7 Armour
 + Level 8.0 Dodging
 + Level 11.7 Stealth
 + Level 6.7 Spellcasting
 + Level 11.0 Hexes
 + Level 3.7 Transmutations
 + Level 5.2 Invocations
 + Level 5.4 Evocations


You had 4 spell levels left.
You knew the following spells:

 Your Spells              Type           Power      Damage    Failure   Level
a - Ensorcelled Hibernat  Hex/Ice        62%        N/A       1%          2
b - Confusing Touch       Hex            54%        N/A       1%          3
c - Tukima's Dance        Hex            54%        N/A       1%          3
d - Yara's Violent Unrav  Hex/Tmut       20%        3d9       11%         5
e - Enfeeble              Hex            27%        N/A       58%         7

Your spell library contained the following spells:

 Spells                   Type           Power      Damage    Failure   Level
 Dazzling Flash           Conj/Hex       62%        N/A       2%          3
 Inner Flame              Hex/Fire       31%        N/A       2%          3
 Cigotuvi's Dreadful Rot  Necr/Pois/Air  14%        N/A       13%         2
 Scorch                   Fire           14%        2d6       13%         2
 Kindle Blastsparks       Fire/Tloc/Air  14%        2d11      26%         3
 Ozocubu's Armour         Ice            7%         N/A       26%         3
 Vhi's Electric Charge    Tloc/Air       14%        N/A       26%         3
 Flame Wave               Conj/Fire      7%         2d5       63%         4
 Sticky Flame             Conj/Fire      7%         2d3       63%         4
 Metabolic Englaciation   Hex/Ice        15%        N/A       24%         5
 Alistair's Intoxication  Tmut/Pois      10%        N/A       71%         5
 Simulacrum               Ice/Necr       3%         N/A       100%        6
 Summon Cactus Giant      Summ           3%         N/A       100%        6


Dungeon Overview and Level Annotations

Branches:
Dungeon (11/15)            Temple (1/1) D:6            Lair (3/5) D:9
 Shoals (0/4) Lair:2        Snake (0/4) Lair:3        IceCv (1/1)
    Orc: D:9-12

Altars:
Ashenzari
Cheibriados
Dithmenos
Fedhas
Gozag
Hepliaklqana
Kikubaaqudgha
Makhleb
Nemelex Xobeh
Okawaru
Qazlal
Ru
Sif Muna
Trog
Uskayaw
Vehumet
Wu Jian
Xom
Yredelemnul

Shops:
D:3 :   D:4 *   D:9 (   D:11 *

Annotations:
D:5 2 transporters
D:10 2 runed translucent doors IceCv exclusion: 2 ice statues


Innate Abilities, Weirdness & Mutations

You do not regenerate when monsters are visible.
You are frail without blood (-20% HP).
You can heal yourself when you bite living creatures.
You are immune to poison.
You have razor-sharp teeth.
You have supernaturally acute eyesight. (SInv)
You are afflicted with vampirism and can become a bat while bloodless.


Message History

Lightning courses through the wolf simulacrum!!
The wolf simulacrum vaporises!
Dithmenos accepts your kill.
Really walk into that cloud of freezing vapour?
Okay, then.
Why would you want to do that? Why would you want to do that?
A reaper comes into view.
It is wielding a +2 scythe of freezing and wearing a +0 robe of cold resistance.
An ufetubus comes into view.
Found a book of the Tundra and 4 stones.
The helpless ufetubus fails to defend itself.
You perforate the ufetubus like a sieve!!!
Lightning courses through the ufetubus!
You kill the ufetubus!
Dithmenos accepts your kill.
Aiming: Shadow Step
Press: ? - help, Dir - move target, f - reaper
Aim: a reaper, wielding a +2 scythe of freezing, wearing a +0 robe of cold resistance and wearing a ring of ice (asleep, umbra)
You step into the reaper's shadow.
Found three items.
The helpless reaper fails to defend itself.
You skewer the reaper like a kebab!!!
The reaper is almost dead.
You barely miss the reaper.
The reaper is almost dead.
Your shadow barely misses the reaper.
The reaper hits you with a +2 scythe of freezing!!!
Ouch! That really hurt!
You emit a cloud of dark smoke.
The reaper freezes you.
* * * LOW HITPOINT WARNING * * *
You closely miss the reaper. You bite the reaper, but do no damage.
The reaper is severely wounded.
You hit the reaper. You bite the reaper, but do no damage.
The reaper is almost dead.
Your shadow barely misses the reaper.
You hit the reaper but do no damage.
The reaper is almost dead.
Your shadow hits the reaper but does no damage.
The reaper hits you with a +2 scythe of freezing!!
You die...

##.......##...#..###....######.
#.......##......##......# ##..
##......°..#°#.........## #...
##.....###..#..###...## #...
###..#.....#....##### ##..
####.....#......# ##..
##..§§§.##.## ##... ###§§§§.###
#...∩ ###@## #....
#.[..§§2§§..).# ##..∩
#...##§§§##...# ##.. ## #####
## ###


You could see a reaper.

Vanquished Creatures
  A boulder beetle (D:10)
  4 two-headed ogres
  Urug (Lair:2)
  Pikel (D:6)
  2 ugly things
  A cyclops (D:9)
  A manticore (D:10)
  A black mamba (Lair:2)
  3 cane toads
  4 komodo dragons
  A kobold demonologist (D:11)
  8 ice devils
  A troll (D:11)
  19 blink frogs
  A shadow (D:11)
  A dire elephant simulacrum (IceCv)
  3 vampires
  2 wraiths (D:10)
  11 yaks
  A basilisk (Lair:1)
  2 wyverns
  A death yak simulacrum (IceCv)
  A naga (Lair:3)
  6 water moccasins
  A hydra simulacrum (IceCv)
  Duvessa (D:7)
  2 ice beasts
  4 orc warriors
  A sky beast (D:6)
  A black bear (D:7)
  20 wolves
  2 ogres
  A phantom (D:6)
  2 lemures (D:6)
  4 centaurs
  4 kobold brigands
  Blork the orc (D:5)
  11 bullfrogs
  A necrophage (D:4)
  3 two-headed ogre simulacra (IceCv)
  A gnoll sergeant (D:9)
  2 scorpions (D:6)
  3 wights (D:10)
  Dowan (D:7)
  An elephant simulacrum (IceCv)
  5 howler monkeys
  An electric eel (Lair:2)
  2 jellies
  6 orc priests
  7 hounds
  Crazy Yiuf (D:3)
  3 iguanas
  8 orc wizards
  2 polar bear simulacra (IceCv)
  3 troll simulacra (IceCv)
  2 wolf simulacra (IceCv)
  3 gnolls (D:9)
  5 adders
  3 white imps
  4 ufetubi (IceCv)
  A dart slug (D:2)
  64 orcs
  5 ball pythons
  5 endoplasms
  2 giant cockroaches
  2 goblins
  6 hobgoblins
  2 quokkas (D:1)
  5 bats
  4 frilled lizards
  19 kobolds
  3 rats
317 creatures vanquished.

Vanquished Creatures (others)
  An adder (D:5)
  An ufetubus (IceCv)
  2 fungi
  A plant (Lair:2)
5 creatures vanquished.

Grand Total: 322 creatures vanquished

Notes
Turn   | Place    | Note
-------+----------+-------------------------------------------
     0 | D:1      | BlueFish the Vampire Enchanter began the quest for the Orb.
     0 | D:1      | Reached XP level 1. HP: 13/13 MP: 3/3
   257 | D:1      | Reached XP level 2. HP: 20/20 MP: 5/5
   270 | D:1      | Learned a level 2 spell: Ensorcelled Hibernation
   704 | D:2      | Gained mutation: You are afflicted with vampirism and can
                  | become a bat while bloodless. [Vampire growth]
   704 | D:2      | Reached XP level 3. HP: 25/25 MP: 3/6
   708 | D:2      | Learned a level 3 spell: Confusing Touch
  1049 | D:2      | Reached skill level 1 in Fighting
  1510 | D:3      | Reached XP level 4. HP: 32/32 MP: 7/7
  1539 | D:3      | Reached skill level 1 in Armour
  1586 | D:3      | Reached skill level 5 in Hexes
  1591 | D:3      | Reached skill level 5 in Stealth
  1710 | D:3      | Found a runed translucent door.
  1711 | D:3      | Noticed Crazy Yiuf
  1734 | D:3      | Killed Crazy Yiuf
  1830 | D:3      | Found Lelelerium's Book Boutique.
  2006 | D:3      | Reached XP level 5. HP: 37/37 MP: 8/8
  2337 | D:4      | Reached skill level 1 in Throwing
  2337 | D:4      | Reached XP level 6. HP: 43/43 MP: 10/10
  2341 | D:4      | Learned a level 3 spell: Tukima's Dance
  2570 | D:4      | Found a burning altar of Makhleb.
  2765 | D:4      | Found Gozag's Platinum Reserve.
  2775 | D:4      | Found an opulent altar of Gozag.
  3371 | D:5      | Entered Level 5 of the Dungeon
  3624 | D:5      | Reached XP level 7. HP: 49/50 MP: 11/11
  3769 | D:5      | Found a transporter.
  3776 | D:5      | Found a transporter.
  3776 | D:5      | Noticed a hornet
  3785 | D:5      | Found a shimmering altar of Xom.
  3825 | D:5      | Noticed Blork the orc
  3838 | D:5      | Killed Blork the orc
  3901 | D:3      | Bought a book of Misfortune for 280 gold pieces
  4252 | D:5      | Found a sparkling altar of Nemelex Xobeh.
  4283 | D:6      | Found a radiant altar of Vehumet.
  4353 | D:6      | Noticed a +0 spear
  4354 | D:6      | Noticed a +0 spear
  4355 | D:6      | Noticed a +0 dagger
  4355 | D:6      | Noticed a +0 falchion
  4356 | D:6      | Noticed a +0 falchion
  4357 | D:6      | Noticed a +0 short sword
  4358 | D:6      | Noticed a +0 dagger
  4359 | D:6      | Noticed a +0 short sword
  4414 | D:6      | Found a hide-covered altar of Uskayaw.
  4438 | D:6      | Found a shimmering blue altar of Sif Muna.
  4584 | D:6      | Reached XP level 8. HP: 57/57 MP: 13/13
  4616 | D:6      | Found an iron altar of Okawaru.
  4728 | D:6      | Found a staircase to the Ecumenical Temple.
  4746 | Temple   | Entered the Ecumenical Temple
  4821 | Temple   | Became a worshipper of Dithmenos the Shadowed
  5260 | D:7      | Noticed Pikel
  5273 | D:6      | Reached skill level 1 in Evocations
  5350 | D:6      | Killed Pikel
  5351 | D:6      | Reached skill level 1 in Invocations
  5427 | D:7      | Reached XP level 9. HP: 59/64 MP: 15/15
  5433 | D:7      | Learned a level 5 spell: Yara's Violent Unravelling
  5536 | D:7      | Noticed Duvessa
  5536 | D:7      | Noticed Dowan
  5538 | D:7      | Killed Dowan
  5568 | D:7      | Killed Duvessa
  5569 | D:7      | Reached skill level 5 in Dodging
  5858 | D:7      | Reached * piety under Dithmenos
  5943 | D:7      | Identified the +1 mace of Grace {venom, rF+ rC+ Int-3}
  7008 | D:8      | Noticed a two-headed ogre
  7010 | D:8      | Killed a two-headed ogre
  7011 | D:8      | Reached skill level 5 in Short Blades
  7059 | D:8      | Found an ancient bone altar of Kikubaaqudgha.
  7099 | D:8      | Found a blossoming altar of Fedhas.
  7300 | D:8      | Reached XP level 10. HP: 46/72 MP: 17/17
  7312 | D:8      | Reached ** piety under Dithmenos
  7829 | D:9      | Reached skill level 5 in Spellcasting
  7914 | D:9      | Noticed a cyclops
  7939 | D:9      | Killed a cyclops
  8263 | D:9      | Reached *** piety under Dithmenos
  8434 | D:9      | Identified a scroll of acquirement
  8475 | D:9      | Found a staircase to the Lair.
  8484 | D:9      | Found Memnutap's Antique Weapon Shoppe.
  8670 | D:10     | Entered Level 10 of the Dungeon
  8671 | D:10     | Upgraded the game from 0.30-a0-757-ga6a79fd877 to
                  | 0.30-a0-760-g5a9884bb7c
  8683 | D:10     | Acquired a +0 quick blade of electrocution
  8764 | D:10     | Found a large runed translucent door.
  8765 | D:10     | Found a large runed translucent door.
  9258 | D:10     | Noticed a two-headed ogre
  9393 | D:10     | Killed a two-headed ogre
  9423 | D:10     | Noticed a manticore
  9427 | D:10     | Killed a manticore
  9429 | D:10     | Reached skill level 5 in Fighting
  9438 | D:10     | Noticed a red ugly thing
  9438 | D:10     | Noticed a two-headed ogre
  9443 | D:10     | Killed a two-headed ogre
  9444 | D:10     | Reached skill level 10 in Stealth
  9444 | D:10     | Reached XP level 11. HP: 79/79 MP: 19/19
  9450 | D:10     | Killed a red ugly thing
  9475 | D:10     | Noticed a boulder beetle
  9496 | D:10     | Killed a boulder beetle
  9547 | D:10     | Got the Folio of Peccant Feathers
  9714 | D:10     | Noticed a naga warrior
  9719 | D:10     | Noticed a centaur warrior
  9791 | D:11     | Noticed a two-headed ogre
  9810 | D:11     | Killed a two-headed ogre
 10302 | D:11     | Found Ubiotie's Fire Supplies.
 10319 | D:11     | Learned a level 7 spell: Enfeeble
 10888 | Lair:1   | Entered Level 1 of the Lair of Beasts
 10906 | Lair:1   | Reached skill level 1 in Transmutations
 10928 | Lair:1   | Identified the +0 robe "Xyuf" {rC+ Will- Str+2 Int+2}
 11071 | Lair:1   | Reached skill level 5 in Armour
 11089 | Lair:1   | Reached skill level 10 in Hexes
 11213 | Lair:1   | Reached **** piety under Dithmenos
 12036 | Lair:2   | Reached XP level 12. HP: 87/87 MP: 21/21
 12067 | Lair:2   | Reached skill level 5 in Throwing
 12382 | Lair:2   | Reached skill level 5 in Evocations
 12435 | Lair:2   | Found a staircase to the Shoals.
 12667 | Lair:2   | Noticed Urug
 12675 | Lair:2   | Killed Urug
 13096 | Lair:3   | Reached skill level 5 in Invocations
 13125 | Lair:3   | Found a staircase to the Snake Pit.
 13174 | Lair:3   | Reached ***** piety under Dithmenos
 13287 | Lair:3   | Found a frozen archway.
 13317 | IceCv    | Entered an ice cave
 14343 | IceCv    | Noticed a reaper
 14356 | IceCv    | Slain by a reaper

Illustrated notes

Levels and vault maps discovered:
D:1:      dpeg_arrival_radiant, layout_basic
D:2:      layout_basic
D:3:      layout_basic, serial_shops, nicolae_lakefront_shop,
          uniq_crazy_yiuf_cottage
D:4:      layout_layer_cave, mainiacjoe_overflow_surrounded_room,
          nicolae_gozag_zags_fifth_avenue, grunt_tough_drop
D:5:      layout_loops_ring, lemuel_round_altar,
          gammafunk_temple_overflow_arena, minmay_misc_feat_x,
          uniq_blork_the_orc
D:6:      layout_loops_ring, chequers_temple_overflow_statue_of_worship,
          nicolae_uskayaw_en_pointe, vehumet_altar_wand_db,
          minmay_temple_entry_wispy
D:7:      layout_layer_cave, uniq_pikel, uniq_duvessa
D:8:      layout_basic, grunt_temple_overflow_growth_and_decay, special_room
          [special_room_orc]
D:9:      layout_long_grid, lair_entry_dummy, serial_shops, nicolae_shop_trees
D:10:     okawaru_arena_lexackson, layout_loops_ring,
          dreamdust_mushroom_princess, hangedman_corner_corridor
D:11:     layout_grid_maze, nicolae_shop_fire_sale [nicolae_sub_dead_trees]
Temple:   hellmonk_temple_flake
Lair:1:   layout_cave_pods
Lair:2:   layout_chaotic_city, elwin_shoals_entry_rooms,
          infiniplex_staircase_pool, uniq_urug
Lair:3:   layout_loops_ring, minmay_snake_entry_guardpost_small,
          ebering_ghost_funeral_grove, portal_ice_cave_demonic_guard
IceCv:    ice_cave_small_demon

Skill      XL: |  1  2  3  4  5  6  7  8  9 10 11 12 |
---------------+-------------------------------------+-----
Fighting       | 1 2 3 4 5 6 |  6.4
Armour         | 1 2 3 4 5 |  5.7
Hexes          | 5 6 7 8 9 10 11 | 11.0
Stealth        | 5 6 7 8 10 11 | 11.7
Short Blades   | 2 3 4 5 6 7 |  7.6
Dodging        | 3 4 5 6 7 8 |  8.0
Throwing       | 1 2 3 4 5 |  5.4
Spellcasting   | 3 4 5 6 |  6.7
Evocations     | 1 2 3 4 5 |  5.4
Invocations    | 1 2 3 4 5 |  5.2
Transmutations | 2 3 |  3.7

Action                     |  1- 3 |  4- 6 |  7- 9 | 10-12 || total
---------------------------+-------+-------+-------+-------++-------
  Melee: Dagger            |    94 |    31 |    68 |    10 ||   203
         Bite              |     8 |    13 |    57 |   141 ||   219
         Punch             |     1 |     1 |    11 |    13 ||    26
         Short sword       |     3 |    89 |   352 |   225 ||   669
         Quick blade       |       |       |       |   789 ||   789
   Cast: Ensorcelled Hiber |     2 |       |    21 |    14 ||    37
         Confusing Touch   |       |       |     2 |    13 ||    15
 Invoke: Shadow Step       |       |       |       |     1 ||     1
Ability: Exsanguinate      |       |       |       |     1 ||     1
    Use: Scroll            |     5 |       |     6 |    20 ||    31
         Potion            |       |       |     4 |       ||     4
   Stab: Sleeping          |    11 |     9 |    18 |    46 ||    84
         Distracted        |     1 |       |       |     2 ||     3
         Confused          |       |       |     3 |    13 ||    16
 Armour: Robe              |    29 |    22 |    80 |   108 ||   239
  Dodge: Dodged            |    64 |    82 |   343 |   592 ||  1081

Table legend: (Time is in decaauts)
 A = Elapsed time spent in this place.
 B = Non-inter-level travel time spent in this place.
 C = Inter-level travel time spent in this place.
 D = Time resting spent in this place.
 E = Time spent auto-exploring this place.
 F = Levels seen in this place.
 G = Mean time per level.
                   A        B        C        D        E       F      G
               +--------+--------+--------+--------+--------+-----+--------+
         Total |  13656 |  12986 |    670 |    196 |   9697 |  16 |  853.5 |
       Dungeon |  10435 |   9923 |    512 |     24 |   7628 |  11 |  948.6 |
        Temple |    152 |    142 |     10 |      0 |    124 |   1 |  152.0 |
          Lair |   2185 |   2037 |    148 |      0 |   1555 |   3 |  728.3 |
      Ice Cave |    883 |    883 |      0 |    172 |    390 |   1 |  883.0 |
               +--------+--------+--------+--------+--------+-----+--------+

Top non-repeatable levels by time:
     D:4: 1278 daAuts
     D:7: 1117 daAuts
     D:8: 1087 daAuts
    D:10: 1079 daAuts
  Lair:2: 1016 daAuts
  Lair:1: 1016 daAuts
    D:11: 993 daAuts
     D:9: 989 daAuts
     D:6: 935 daAuts
   IceCv: 883 daAuts
     D:5: 830 daAuts
     D:3: 771 daAuts
     D:2: 714 daAuts
     D:1: 639 daAuts
  Lair:3: 153 daAuts
